 Dungeon Crawl Stone Soup version 0.30-a0-1160-g6e42c06551 (webtiles) character file.

Game seed: 8939583721962748521

194 retardedninja the Firebug (level 5, -1/38 HPs)
             Began as a Gnoll Fire Elementalist on Apr 25, 2023.
             Slain by an orc wizard
             ... wielding a +0 dagger
              (3 damage)
             ... on level 4 of the Dungeon.
             The game lasted 00:03:28 (2900 turns).

retardedninja the Firebug (Gnoll Fire Elementalist) Turns: 2900, Time: 00:03:29

Health: -1/38      AC:  2    Str:  7    XL:     5   Next: 73%
Magic:  5/12       EV: 13    Int: 16    God:
Gold:   106        SH:  0    Dex: 13    Spells: 11/14 levels left

rFire   . . .        h - +0 mace
rCold   . . .        (no shield)
rNeg    . . .        a - +0 robe
rPois   .            (no helmet)
rElec   .            (no cloak)
rCorr   .            (no gloves)
SInv    .            (no boots)
Will    .....        (no amulet)
Stlth   +            (no ring)
HPRegen 0.26/turn    (no ring)
MPRegen 0.13/turn

%: no passive effects
@: confused, attractive, very slightly contaminated, hasted, very quick
A: fangs 1, strong nose, distributed training
a: no special abilities


You were on level 4 of the Dungeon.
You visited 1 branch of the dungeon, and saw 4 of its levels.

You collected 106 gold pieces.

Inventory:

Hand Weapons
 h - a +0 mace (weapon)
Armour
 a - a +0 robe (worn)
Scrolls
 c - 2 scrolls of amnesia {unknown}
 d - a scroll of enchant armour {unknown}
 e - a scroll of blinking {unknown}
 f - 5 scrolls of immolation {unknown}
 g - 3 scrolls of vulnerability {unknown}
 j - 3 scrolls of poison {unknown}
 l - a scroll of teleportation {unknown}
 m - 4 scrolls of identify {unknown}
Potions
 b - a potion of magic


   Skills:
 + Level 1.7 Fighting
 + Level 1.7 Short Blades
 + Level 1.7 Long Blades
 + Level 1.7 Axes
 + Level 1.7 Maces & Flails
 + Level 1.7 Polearms
 + Level 1.7 Staves
 + Level 1.7 Ranged Weapons
 + Level 1.7 Throwing
 + Level 1.7 Armour
 + Level 4.9 Dodging
 + Level 4.5 Stealth
 + Level 1.7 Shields
 + Level 1.7 Unarmed Combat
 + Level 5.2 Spellcasting
 + Level 2.5 Conjurations
 + Level 1.3 Hexes
 + Level 1.3 Summonings
 + Level 1.3 Necromancy
 + Level 1.3 Translocations
 + Level 1.3 Transmutations
 + Level 5.6 Fire Magic
 + Level 1.3 Ice Magic
 + Level 1.3 Air Magic
 + Level 1.3 Earth Magic
 + Level 1.3 Poison Magic
 + Level 1.9 Invocations
 + Level 1.7 Evocations


You had 11 spell levels left.
You knew the following spells:

 Your Spells              Type           Power      Damage    Failure   Level
a - Foxfire               Conj/Fire      68%        2x1d7     2%          1
b - Scorch                Fire           44%        2d7       2%          2

Your spell library contained the following spells:

 Spells                   Type           Power      Damage    Failure   Level
 Inner Flame              Hex/Fire       15%        N/A       11%         3
 Volatile Blastmotes      Fire/Tloc      30%        2d12      11%         3
 Flame Wave               Conj/Fire      17%        2d7       28%         4


Dungeon Overview and Level Annotations

Branches:
Dungeon (4/15)
 Temple: D:4-7

Altars:
Kikubaaqudgha
Qazlal
Vehumet

Annotations:
D:3 2 transporters


Innate Abilities, Weirdness & Mutations

You have very sharp teeth.
Your uncanny sense of smell can sniff out nearby items.
Your experience applies equally to all skills.


Message History

The foxfire hits something.
The foxfire hits the orc but does no damage.
The orc misses you. The orc closely misses you.
Casting: Foxfire (safe; 2% risk of failure)
Press: ? - help, Q - select action, (/) - cycle Dir - look around, f - activate You conjure some foxfire!
The orc hits you with a +0 short sword. The orc closely misses you.
Something hits you but does no damage.
The foxfire hits something. x2; The orc hits you with a +0 short sword.
Something hits you.
The orc hits you from afar with a +0 trident.
* * * LOW HITPOINT WARNING * * *
Casting: Foxfire (safe; 2% risk of failure)
Press: ? - help, Q - select action, (/) - cycle Dir - look around, f - activate You miscast Foxfire.
You are very lightly contaminated with residual magic.
Nothing appears to happen.
The orc hits you but does no damage. The orc barely misses you.
Casting: Foxfire (safe; 2% risk of failure)
Press: ? - help, Q - select action, (/) - cycle Dir - look around, f - activate You conjure some foxfire!
The orc closely misses you. The orc barely misses you. Something hits you.
* * * LOW HITPOINT WARNING * * *
The foxfire hits the orc but does no damage. x2
The orc is heavily wounded.
You hear some strange, mumbled words.
Something tries to affect you, but you resist.
The orc hits you with a +0 short sword.
* * * LOW HITPOINT WARNING * * *
It was a potion of attraction.
You feel attractive to monsters. The orc barely misses you. The orc misses you.
You hear some strange, mumbled words.
You are confused.
The orc is attracted toward you.
It was a potion of haste.
You feel yourself speed up. The orc hits you with a +0 trident!
* * * LOW HITPOINT WARNING * * *
The orc closely misses you. Something hits you.
You die...

#############
#...........########
#....(.............#
#..................#
#..................###..
##....††..............
..>..######........#
.....# #.....@..#
.....## #....oo{.###.#
......## #.....§......#
.......####............#
.......).#######......##
.........## #...)..#
..........# #.)....#
........#.## #........
........#..## #........


You could see 2 orcs.

Vanquished Creatures
  An ogre (D:3)
  A hound (D:4)
  An orc wizard (D:4)
  A gnoll (D:2)
  An adder (D:3)
  A dart slug (D:2)
  2 orcs
  An endoplasm (D:1)
  A giant cockroach (D:1)
  A goblin (D:4)
  2 hobgoblins
  3 jackals (D:4)
  4 kobolds
  2 quokkas (D:1)
  6 ball pythons
  4 frilled lizards
  4 rats
36 creatures vanquished.

Vanquished Creatures (collateral kills)
  A foxfire (D:1)
1 creature vanquished.

Vanquished Creatures (others)
  145 foxfires
145 creatures vanquished.

Grand Total: 182 creatures vanquished

Notes
Turn   | Place    | Note
-------+----------+-------------------------------------------
     0 | D:1      | retardedninja the Gnoll Fire Elementalist began the quest
                  | for the Orb.
     0 | D:1      | Reached XP level 1. HP: 13/13 MP: 6/6
   493 | D:1      | Reached XP level 2. HP: 19/19 MP: 4/7
   963 | D:2      | Learned a level 2 spell: Scorch
   964 | D:2      | Reached skill level 5 in Spellcasting
   964 | D:2      | Reached XP level 3. HP: 25/25 MP: 2/9
  1344 | D:2      | Found a radiant altar of Vehumet.
  1839 | D:3      | Noticed an ogre
  1843 | D:3      | Killed an ogre
  1844 | D:3      | Reached skill level 1 in Fighting
  1844 | D:3      | Reached skill level 1 in Short Blades
  1844 | D:3      | Reached skill level 1 in Long Blades
  1844 | D:3      | Reached skill level 1 in Axes
  1844 | D:3      | Reached skill level 1 in Maces & Flails
  1844 | D:3      | Reached skill level 1 in Polearms
  1844 | D:3      | Reached skill level 1 in Staves
  1844 | D:3      | Reached skill level 1 in Ranged Weapons
  1844 | D:3      | Reached skill level 1 in Throwing
  1844 | D:3      | Reached skill level 1 in Armour
  1844 | D:3      | Reached skill level 1 in Shields
  1844 | D:3      | Reached skill level 1 in Unarmed Combat
  1844 | D:3      | Reached skill level 1 in Hexes
  1844 | D:3      | Reached skill level 1 in Summonings
  1844 | D:3      | Reached skill level 1 in Necromancy
  1844 | D:3      | Reached skill level 1 in Translocations
  1844 | D:3      | Reached skill level 1 in Transmutations
  1844 | D:3      | Reached skill level 1 in Ice Magic
  1844 | D:3      | Reached skill level 1 in Air Magic
  1844 | D:3      | Reached skill level 1 in Earth Magic
  1844 | D:3      | Reached skill level 1 in Poison Magic
  1844 | D:3      | Reached skill level 1 in Invocations
  1844 | D:3      | Reached skill level 1 in Evocations
  1844 | D:3      | Reached XP level 4. HP: 32/32 MP: 3/11
  2028 | D:3      | Reached XP level 5. HP: 37/37 MP: 9/12
  2094 | D:3      | Found a stormy altar of Qazlal.
  2096 | D:3      | Found an ancient bone altar of Kikubaaqudgha.
  2114 | D:3      | Found a transporter.
  2351 | D:3      | Found a transporter.
  2900 | D:4      | Slain by an orc wizard

Illustrated notes

Levels and vault maps discovered:
D:1:      sevenhm_arrival_forest_fort_large_4, layout_rooms
D:2:      minmay_evil_eye, layout_basic, basic_altar
D:3:      layout_loops_cross, gammafunk_temple_overflow_arena
D:4:      layout_basic, nicolae_vehumet_altar_sigil, lemuel_tele_altar,
          minmay_temple_entry_from_below_a, solitary_fountain,
          nicolae_wormholes, uniq_pikel

Skill      XL: |  1  2  3 |
---------------+----------+-----
Conjurations   | 2 |  2.5
Spellcasting   | 5 |  5.2
Fighting       | 1 |  1.7
Short Blades   | 1 |  1.7
Long Blades    | 1 |  1.7
Axes           | 1 |  1.7
Maces & Flails | 1 |  1.7
Polearms       | 1 |  1.7
Staves         | 1 |  1.7
Ranged Weapons | 1 |  1.7
Throwing       | 1 |  1.7
Armour         | 1 |  1.7
Shields        | 1 |  1.7
Unarmed Combat | 1 |  1.7
Hexes          | 1 |  1.3
Summonings     | 1 |  1.3
Necromancy     | 1 |  1.3
Translocations | 1 |  1.3
Transmutations | 1 |  1.3
Ice Magic      | 1 |  1.3
Air Magic      | 1 |  1.3
Earth Magic    | 1 |  1.3
Poison Magic   | 1 |  1.3
Invocations    | 1 |  1.9
Evocations     | 1 |  1.7
Dodging        | |  4.9
Stealth        | |  4.5
Fire Magic     | |  5.6

Action                     |  1- 3 |  4- 6 || total
---------------------------+-------+-------++-------
  Melee: Unarmed           |     2 |       ||     2
         Mace              |     1 |     1 ||     2
   Cast: Foxfire           |    55 |    36 ||    91
         Scorch            |     4 |       ||     4
    Use: Potion            |       |     3 ||     3
   Stab: Sleeping          |     1 |       ||     1
 Armour: Robe              |     2 |     2 ||     4
  Dodge: Dodged            |     6 |    16 ||    22

Table legend: (Time is in decaauts)
 A = Elapsed time spent in this place.
 B = Non-inter-level travel time spent in this place.
 C = Inter-level travel time spent in this place.
 D = Time resting spent in this place.
 E = Time spent auto-exploring this place.
 F = Levels seen in this place.
 G = Mean time per level.
                   A        B        C        D        E       F      G
               +--------+--------+--------+--------+--------+-----+--------+
         Total |   2899 |   2786 |    113 |      0 |   2426 |   4 |  724.8 |
       Dungeon |   2899 |   2786 |    113 |      0 |   2426 |   4 |  724.8 |
               +--------+--------+--------+--------+--------+-----+--------+

Top non-repeatable levels by time:
     D:2: 1009 daAuts
     D:3: 874 daAuts
     D:1: 829 daAuts
     D:4: 186 daAuts
